 Dungeon Crawl Stone Soup version 0.29-a0-322-g68df515428 (webtiles) character file.

Game seed: 555156394368718884

6367 quinnr the Zephyrmancer (level 10, 0/56 HPs)
             Began as a Tengu Air Elementalist on Apr 7, 2022.
             Was an Initiate of Yredelemnul.
             Shot with an arrow by a centaur warrior (18 damage)
             ... on level 9 of the Dungeon.
             The game lasted 00:30:55 (14789 turns).

quinnr the Zephyrmancer (Tengu Air Elementalist)   Turns: 14789, Time: 00:30:55

Health: 0/56       AC:  7    Str:  9    XL:     10   Next: 97%
Magic:  9/17       EV: 16    Int: 19    God:    Yredelemnul [......]
Gold:   278        SH:  5    Dex: 17    Spells: 3/18 levels left

rFire   + . .      SeeInvis .   w - staff of poison
rCold   . . .      Faith    .   B - +0 buckler
rNeg    . . .      Spirit   .   H - +3 leather armour of Iskathuw {rCorr Dex+2}
rPois   +          Reflect  .   t - +0 hat
rElec   .          Harm     .   (no cloak)
rCorr   +          Rampage  .   p - +0 pair of gloves
Will    .....                   (boots unavailable)
Stlth   ++........              (no amulet)
HPRegen 0.18/turn               r - ring of protection from fire
MPRegen 0.15/turn               (no ring)

@: flying quickly and evasively, quick
A: beak, talons 3, nimble flight
a: Renounce Religion, Recall Undead Harvest


You were on level 9 of the Dungeon.
You worshipped Yredelemnul.
Yredelemnul was noncommittal.
You visited 2 branches of the dungeon, and saw 10 of its levels.

You collected 378 gold pieces.
You spent 100 gold pieces at shops.

Inventory:

Hand Weapons
 d - a +1 whip of flaming
 v - a +1 dagger of venom
Missiles
 x - 4 atropa-tipped darts
 L - 13 poisoned darts
Armour
 a - a +0 robe
 p - a +0 pair of gloves (worn)
 t - a +0 hat (worn)
 B - a +0 buckler (worn)
 H - the +3 leather armour of Iskathuw (worn) {rCorr Dex+2}
   (You found it on level 8 of the Dungeon)

   Dex:       It affects your dexterity (+2).
   rCorr:     It protects you from acid and corrosion.
 J - an orb of energy
Magical Staves
 w - a staff of poison (weapon)
Jewellery
 r - a ring of protection from fire (left hand)
 I - a ring of positive energy
Wands
 D - a wand of flame (10)
 F - a wand of iceblast (7)
 K - a wand of digging (3)
Scrolls
 f - 4 scrolls of magic mapping {unknown}
 g - 2 scrolls of noise {unknown}
 h - 2 scrolls of enchant weapon {unknown}
 k - a scroll of blinking {unknown}
 o - 3 scrolls of vulnerability {unknown}
 s - 2 scrolls of immolation {unknown}
 u - 2 scrolls of amnesia {unknown}
 y - 4 scrolls of teleportation
 C - a scroll of holy word
 E - a scroll of fear
Potions
 b - a potion of magic
 c - 3 potions of resistance
 e - a potion of cancellation
 i - 4 potions of mutation {unknown}
 j - 4 potions of curing
 l - 3 potions of might
 m - 5 potions of heal wounds
 n - 2 potions of attraction
 q - 2 potions of haste
 z - a potion of berserk rage
 A - 2 potions of flight


   Skills:
 + Level 3.9 Fighting
 - Level 2.0 Short Blades
 + Level 6.0 Dodging
 - Level 2.0 Stealth
 + Level 3.7 Shields
 + Level 4.6 Spellcasting
 - Level 4.0 Conjurations
 + Level 2.5 Ice Magic
 + Level 14.8 Air Magic
 + Level 3.6 Poison Magic
 + Level 3.8 Invocations


You had 3 spell levels left.
You knew the following spells:

 Your Spells              Type           Power      Damage    Failure   Level
a - Shock                 Conj/Air       100%       1d9       1%          1
b - Mephitic Cloud        Conj/Pois/Air  49%        N/A       3%          3
c - Airstrike             Air            28%        N/A       1%          4
d - Poisonous Vapours     Pois/Air       100%       N/A       1%          2
e - Freezing Cloud        Conj/Ice/Air   15%        6-21      34%         5

Your spell library contained the following spells:

 Spells                   Type           Power      Damage    Failure   Level
 Corpse Rot               Necr/Air       64%        N/A       1%          2
 Static Discharge         Conj/Air       40%        N/A       1%          2
 Swiftness                Air            57%        N/A       1%          3
 Foxfire                  Conj/Fire      44%        2x1d6     11%         1
 Summon Small Mammal      Summ           16%        N/A       24%         1
 Conjure Flame            Conj/Fire      11%        6-21      32%         3
 Ignite Poison            Fire/Tmut/Pois 13%        N/A       41%         3
 Call Canine Familiar     Summ           4%         N/A       58%         3
 Inner Flame              Hex/Fire       4%         N/A       58%         3
 Summon Guardian Golem    Hex/Summ       4%         N/A       58%         3
 Flame Wave               Conj/Fire      11%        2d5       71%         4
 Animate Dead             Necr           2%         N/A       94%         4
 Cause Fear               Hex            2%         N/A       94%         4
 Haunt                    Necr/Summ      2%         N/A       100%        7
 Discord                  Hex            2%         N/A       100%        8
 Infestation              Necr           2%         N/A       100%        8


Dungeon Overview and Level Annotations

Branches:
Dungeon (9/15)             Temple (1/1) D:5
   Lair: D:8-11         Orc: D:9-12

Altars:
Ashenzari
Cheibriados
Dithmenos
Elyvilon
Fedhas
Gozag
Hepliaklqana
Kikubaaqudgha
Makhleb
Nemelex Xobeh
Okawaru
Qazlal
Ru
Trog
Uskayaw
Vehumet
Wu Jian
Xom
Yredelemnul
Zin
The Shining One
Lugonu

Shops:
D:3 [


Innate Abilities, Weirdness & Mutations

You have a beak for a mouth.
You have claws for feet.
Your magical nature lets you fly swiftly and evasively.


Message History

Found 20 gold pieces.
Found an ornate altar of the Wu Jian Council.
The centaur shoots an arrow.
The arrow closely misses you.
Unknown command.
As you read the scroll of teleportation, it crumbles to dust.
You feel strangely unstable.
The centaur drinks a potion.
The centaur suddenly seems more resistant.
Your surroundings suddenly seem different.
A centaur warrior comes into view. It is quivering atropa-tipped darts.
The centaur warrior shouts!
You hear a shout!
The centaur warrior hits you!
The centaur warrior kicks you but does no damage.
A kobold comes into view. It is wielding a +0 whip.
Casting: Shock (safe; 1% risk of failure)
Confirm with . or Enter, or press ? or * to list all spells.
Aiming: Airstrike (dangerous; 1% risk of failure)
Press: ? - help, Dir - move target, f - centaur warrior
Aim: a centaur warrior, quivering atropa-tipped darts (empty space bonus: 7/8)
Okay, then.
Casting: Airstrike (dangerous; 1% risk of failure)
Confirm with . or Enter, or press ? or * to list all spells.
Aiming: Mephitic Cloud (dangerous; 3% risk of failure)
Press: ? - help, Shift-Dir - straight line, f - centaur warrior
Aim: a centaur warrior, quivering atropa-tipped darts (chance to affect: 53%)
You feel a surge of power!
The ball explodes into a vile cloud!
The stinking cloud engulfs the centaur warrior but does no damage.
The stinking cloud engulfs you but does no damage.
The centaur warrior is engulfed in noxious fumes.
The centaur warrior appears confused.
You block the centaur warrior's attack.
The centaur warrior kicks you but does no damage.
Unknown command.
A kobold comes into view.
It is wielding the +8 mace of the Scavenger {vorpal, rF- rN+ Str+4 SInv}.
The centaur warrior is engulfed in noxious fumes. x2
The centaur warrior is engulfed in noxious fumes.
The centaur warrior seems less confused.
The centaur warrior wields a +0 shortbow.
The centaur warrior shoots an arrow.
The arrow hits you!!
You die...
Your body rises from the dead as a mindless zombie.

#.D...[.# #..#$.$.$.$
###.#####.# #..#.$$??[. #...#..
#.# #..#$.$}|[C #.###.# #.#
######..#.$[):?u #####.D.#.# #.#
#.......#$.:$)$$ #.....#.#/#
#.###.#.###.#.$.$...
#.#.#.#...#.#...#.#.....#>.$.$c$
..
#<#...<...###.#....##.######## #
########### #@####.##.........
....####......○○...##.#.. ###
#..#.....[c.°°○...###### ..#
#..#K##KK...○≈○≈≈.# #..
#....#.....[≈≈≈≈..# .Z##
#.............≈≈≈.#
#.g##.................#
#.)#.......#....(.)...#
#.#......#......≈...#


You could see a centaur warrior and 2 kobolds.

Vanquished Creatures
  A centaur warrior (D:8)
  A cyclops (D:9)
  Grinder (D:5)
  A wyvern (D:8)
  4 yaks (D:8)
  2 wraiths (D:9)
  Eustachio (D:5)
  A steam dragon (D:9)
  A water moccasin (D:8)
  3 orc warriors
  An ice beast (D:5)
  A sky beast (D:5)
  5 ogres
  2 phantoms
  A spectral shadow imp (D:5)
  A kobold brigand (D:9)
  2 necrophages
  2 gnoll sergeants
  5 bullfrogs
  A scorpion (D:5)
  7 wights
  A jelly (D:5)
  2 howler monkeys
  A bullfrog zombie (D:4)
  A human zombie (D:4)
  4 hounds
  3 orc priests
  3 gnoll shamans
  6 iguanas
  12 orc wizards
  2 hound zombies
  A mummy (D:4)
  A howler monkey zombie (D:9)
  14 adders
  12 gnolls
  A shadow imp (D:5)
  A white imp (D:7)
  An ufetubus (Temple)
  2 adder zombies (D:4)
  2 worms
  A dart slug (D:4)
  40 orcs
  9 ball pythons
  11 endoplasms
  5 giant cockroaches
  8 goblins
  9 hobgoblins
  3 quokkas
  8 bats
  2 frilled lizards (D:1)
  12 kobolds
  3 orc zombies
  A quokka zombie (D:4)
  8 rats
234 creatures vanquished.

Vanquished Creatures (collateral kills)
  An ice beast (D:7)
  A kobold brigand (D:7)
  A scorpion (D:7)
  A jelly (D:5)
  2 iguanas
  An orc wizard (D:8)
  A gnoll (D:5)
  A shadow imp (D:6)
  2 orcs (D:7)
  A kobold (D:6)
12 creatures vanquished.

Vanquished Creatures (others)
  A scorpion zombie (D:7)
  A hound zombie (D:5)
  An adder zombie (D:6)
  8 orc zombies
  2 demonic plants (Temple)
  14 plants (D:9)
27 creatures vanquished.

Grand Total: 273 creatures vanquished

Notes
Turn   | Place    | Note
-------+----------+-------------------------------------------
     0 | D:1      | quinnr the Tengu Air Elementalist began the quest for the
                  | Orb.
     0 | D:1      | Reached XP level 1. HP: 10/10 MP: 4/4
   163 | D:1      | Reached XP level 2. HP: 15/15 MP: 4/6
   387 | D:1      | Reached skill level 5 in Air Magic
   879 | D:1      | Reached XP level 3. HP: 19/19 MP: 5/7
  1638 | D:1      | Reached skill level 6 in Air Magic
  1780 | D:2      | Learned a level 3 spell: Mephitic Cloud
  2064 | D:2      | Reached XP level 4. HP: 24/24 MP: 6/8
  2679 | D:2      | Found a faded altar of an unknown god.
  2991 | D:3      | Gained mutation: Your magical nature lets you fly swiftly
                  | and evasively. [Tengu growth]
  2991 | D:3      | Reached XP level 5. HP: 25/28 MP: 4/9
  3361 | D:3      | Found a shadowy altar of Dithmenos.
  3437 | D:3      | Found a snail-covered altar of Cheibriados.
  3504 | D:2      | Learned a level 4 spell: Airstrike
  3677 | D:3      | Reached skill level 7 in Air Magic
  3835 | D:3      | Found an iron altar of Okawaru.
  3878 | D:3      | Found Uduf's Antique Armour Shoppe.
  3883 | D:3      | Bought a hat for 100 gold pieces
  4270 | D:4      | Found a sacrificial altar of Ru.
  4284 | D:4      | Noticed an ogre
  4531 | D:4      | Noticed an ogre
  4544 | D:4      | Killed an ogre
  4545 | D:4      | Reached XP level 6. HP: 32/32 MP: 3/10
  4630 | D:4      | Reached skill level 8 in Air Magic
  4909 | D:4      | Reached skill level 1 in Fighting
  5456 | D:4      | HP: 1/34 [bullfrog zombie (5)]
  5797 | D:4      | Reached skill level 1 in Short Blades
  5797 | D:4      | Reached XP level 7. HP: 38/38 MP: 5/11
  5907 | D:4      | Identified the +1 spear of Equivalence {vorpal, rPois Will-
                  | Int+6}
  6194 | D:4      | Found an ancient bone altar of Kikubaaqudgha.
  6358 | D:4      | Reached skill level 9 in Air Magic
  6660 | D:5      | Entered Level 5 of the Dungeon
  6670 | D:5      | Reached XP level 8. HP: 43/43 MP: 8/14
  6741 | D:5      | Found a staircase to the Ecumenical Temple.
  6979 | Temple   | Entered the Ecumenical Temple
  7171 | Temple   | Became a worshipper of Yredelemnul the Dark
  7810 | D:5      | Noticed Grinder
  7814 | D:5      | Paralysed by Grinder for 5 turns
  7819 | D:5      | Killed Grinder
  7820 | D:5      | Reached skill level 10 in Air Magic
  7995 | D:5      | Reached * piety under Yredelemnul
  8018 | D:5      | Reached skill level 11 in Air Magic
  8181 | D:5      | Reached ** piety under Yredelemnul
  8269 | D:5      | Reached skill level 12 in Air Magic
  8402 | D:5      | Reached XP level 9. HP: 36/47 MP: 1/16
  8714 | D:5      | Reached *** piety under Yredelemnul
  8910 | D:5      | Noticed Eustachio
  8914 | D:5      | Killed Eustachio
  8915 | D:5      | Reached skill level 13 in Air Magic
  8928 | D:5      | Reached **** piety under Yredelemnul
  9142 | D:5      | Found a large runed translucent door.
  9143 | D:5      | Found a large runed translucent door.
  9472 | D:5      | quinnr: ??yred
  9472 | D:5      | beem: yredelemnul[1/4]: God of the death knights. Corpses
                  | are passively reaped into zombie allies. Those can be
                  | traded for stronger allies or spent for invocations..
                  | Grants the following invocations: recall friendly undead,
                  | area of effect vampiric draining, and bind soul (see next
                  | entry).
  9472 | D:5      | quinnr: ??yred[2
  9472 | D:5      | beem: yredelemnul[2/4]: bind soul targets a monster of
                  | human intelligence with 81% or more of its max HP
                  | remaining. If it dies within a number of turns equal to
                  | (3/4 * Invocations) + 2 it becomes a permanent spectral
                  | ally. The spectral ally may cast the same spells as the
                  | monster killed to create it. You may only have 1 enslaved
                  | soul at a time.
  9472 | D:5      | quinnr: ??dark bargain
  9472 | D:5      | beem: I don't have a page labeled dark_bargain in my
                  | learndb.
  9496 | D:5      | Found a glowing silver altar of Zin.
  9520 | D:5      | Found a bloodstained altar of Trog.
  9524 | D:5      | Reached ***** piety under Yredelemnul
  9891 | D:6      | Reached skill level 1 in Invocations
  9983 | D:6      | Reached skill level 14 in Air Magic
 10290 | D:6      | Reached skill level 1 in Shields
 10407 | D:6      | Found a radiant altar of Vehumet.
 10583 | D:7      | Found a hide-covered altar of Uskayaw.
 10724 | D:7      | Reached skill level 1 in Poison Magic
 11343 | D:7      | Learned a level 2 spell: Poisonous Vapours
 11352 | D:7      | Reached XP level 10. HP: 20/54 MP: 1/17
 11359 | D:7      | Learned a level 5 spell: Freezing Cloud
 11981 | D:8      | Noticed a centaur warrior
 11999 | D:8      | Killed a centaur warrior
 12000 | D:8      | Reached skill level 5 in Dodging
 12000 | D:8      | Reached skill level 1 in Ice Magic
 12191 | D:8      | Identified the +3 leather armour of Iskathuw {rCorr Dex+2}
 13175 | D:9      | Noticed a red ugly thing
 13192 | D:9      | Noticed a cyclops
 13192 | D:9      | Noticed a manticore
 13204 | D:9      | Noticed a cyclops
 13214 | D:9      | Noticed a centaur warrior
 13215 | D:9      | Noticed a white ugly thing
 13215 | D:9      | Noticed a centaur warrior
 13428 | D:9      | Noticed a five-headed hydra
 13730 | D:9      | Noticed a purple ugly thing
 13917 | D:9      | Noticed a cyclops
 13923 | D:9      | Killed a cyclops
 14778 | D:9      | Found an ornate altar of the Wu Jian Council.
 14783 | D:9      | Noticed a centaur warrior
 14785 | D:9      | Identified the +8 mace of the Scavenger {vorpal, rF- rN+
                  | Str+4 SInv}
 14789 | D:9      | Shot with an arrow by a centaur warrior

Illustrated notes

Levels and vault maps discovered:
D:1:      heliophobic_arrival_glass_houses, layout_loops_ring
D:2:      layout_loops_cross, chequers_ecumenical_altar_grove,
          minmay_tetromino_o4
D:3:      layout_loops_ring, okawaru_trees_1, mainiacjoe_overflow_catwalk,
          slow_altar_2, serial_shops, nicolae_square_shop,
          dreamdust_princess_corridor
D:4:      layout_basic, nicolae_ru_sacrificial_ziggurat,
          lemuel_mausoleum_altar_kikubaaqudgha, minmay_diced_spiral
D:5:      layout_gridville, jmf_multi_god_temple2, minmay_temple_entry_slanted,
          uniq_eustachio, uniq_grinder
D:6:      layout_rooms, vehumet_altar_wand_db
D:7:      hellmonk_destroyed_diamonds, layout_gridville,
          nicolae_uskayaw_dance_hall, minmay_quadrilaterals
D:8:      layout_rooms
D:9:      minmay_the_grid_3x3 [minmay_the_grid_minigrid_small_alt,
          minmay_the_grid_garden, minmay_the_grid_minigrid_medium,
          minmay_the_grid_stretched_grid, minmay_the_grid_empty,
          minmay_the_grid_odd_star, minmay_the_grid_eight,
          minmay_the_grid_diamond_grid,
          minmay_the_grid_prize_four_corners_diamond_a], layout_basic,
          old_standard_altar, special_room [special_room_orc], minivault_12
Temple:   kb_corrupted_temple

Skill      XL: |  1  2  3  4  5  6  7  8  9 10 |
---------------+-------------------------------+-----
Air Magic      | 5 6 7 8 9 12 14 | 14.8
Conjurations   | 3 4 |  4.0
Fighting       | 1 2 3 |  3.9
Short Blades   | 1 2 |  2.0
Dodging        | 3 4 6 |  6.0
Spellcasting   | 3 4 |  4.6
Invocations    | 2 3 |  3.8
Shields        | 2 3 |  3.7
Poison Magic   | 2 3 |  3.6
Ice Magic      | 2 |  2.5
Stealth        | |  2.0

Action                   |  1- 3 |  4- 6 |  7- 9 | 10-12 || total
-------------------------+-------+-------+-------+-------++-------
Melee: Whip              |       |     8 |       |       ||     8
       Kick              |       |     8 |    12 |    10 ||    30
       Peck              |       |     5 |    17 |     5 ||    27
       Staff             |       |    11 |    51 |    23 ||    85
       Dagger            |       |       |     5 |     8 ||    13
 Cast: Shock             |    84 |   142 |   188 |   155 ||   569
       Mephitic Cloud    |       |     3 |    12 |    12 ||    27
       Airstrike         |       |     3 |    49 |    24 ||    76
       Poisonous Vapours |       |       |       |     1 ||     1
Invok: Recall Undead Har |       |       |     2 |     2 ||     4
  Use: Scroll            |       |       |     9 |     3 ||    12
       Potion            |       |       |       |     1 ||     1
 Stab: Confused          |       |       |     2 |     3 ||     5
Armor: Robe              |     7 |    10 |    20 |     2 ||    39
       Leather armour    |       |       |       |    20 ||    20
Dodge: Dodged            |    21 |    35 |   105 |    69 ||   230
Block: Buckler           |       |       |     7 |    24 ||    31

Table legend: (Time is in decaauts)
 A = Elapsed time spent in this place.
 B = Non-inter-level travel time spent in this place.
 C = Inter-level travel time spent in this place.
 D = Time resting spent in this place.
 E = Time spent auto-exploring this place.
 F = Levels seen in this place.
 G = Mean time per level.
                   A        B        C        D        E       F      G
               +--------+--------+--------+--------+--------+-----+--------+
         Total |  14383 |  14002 |    381 |   2589 |   9361 |  10 | 1438.3 |
       Dungeon |  13608 |  13253 |    355 |   2266 |   8987 |   9 | 1512.0 |
        Temple |    774 |    749 |     25 |    323 |    373 |   1 |  774.0 |
               +--------+--------+--------+--------+--------+-----+--------+

Top non-repeatable levels by time:
     D:4: 2559 daAuts
     D:5: 2314 daAuts
     D:8: 2046 daAuts
     D:1: 1750 daAuts
     D:7: 1454 daAuts
     D:3: 1102 daAuts
     D:2: 1088 daAuts
     D:6: 848 daAuts
  Temple: 774 daAuts
     D:9: 442 daAuts
